 Dungeon Crawl Stone Soup version 0.29-a0-284-gf9362112df (webtiles) character file.

Game seed: 15201028829271793255

331 NinjaNoafa the Chopper (level 6, 0/56 HPs)
             Began as a Hill Orc Monk on Mar 28, 2022.
             Was a Believer of Beogh.
             Succumbed to a water moccasin's poison
             ... on level 5 of the Dungeon.
             The game lasted 00:27:42 (4006 turns).

NinjaNoafa the Chopper (Hill Orc Monk)              Turns: 4006, Time: 00:27:43

Health: 0/56       AC:  7    Str: 14    XL:     6   Next: 51%
Magic:  1/4        EV: 10    Int: 20    God:    Beogh [**....]
Gold:   153        SH:  0    Dex: 13    Spells: 5/5 levels left

rFire   + + .      SeeInvis .   a - +2 broad axe (freeze)
rCold   + . .      Faith    .   (no shield)
rNeg    . . .      Spirit   .   w - +0 scale mail
rPois   +          Reflect  .   (no helmet)
rElec   +          Harm     .   (no cloak)
rCorr   +          Rampage  .   (no gloves)
Will    .....                   g - +0 pair of boots
Stlth   +.........              (no amulet)
HPRegen 0.18/turn               j - ring of flight
MPRegen 0.09/turn               l - +6 ring of intelligence

@: lethally poisoned (0 -> -5), about to teleport, resistant, flying
A: clever 1, fire resistance 1, low MP 2
a: Renounce Religion, Smiting


You were on level 5 of the Dungeon.
You worshipped Beogh.
Beogh was pleased with you.
You visited 1 branch of the dungeon, and saw 5 of its levels.

You collected 153 gold pieces.

Inventory:

Hand Weapons
 a - a +2 broad axe of freezing (weapon)
 B - a +0 mace
 C - a +0 short sword
 F - a +0 dagger
 H - a +0 club
 I - a +0 whip
 J - a +0 club
 L - a +0 spear
 O - a +0 club
 P - a +0 halberd
 Q - a +0 whip
 S - a +2 dagger of venom
 T - a +0 short sword
 U - a +0 short sword
Missiles
 b - 132 stones (quivered)
 R - 6 datura-tipped darts
Armour
 f - a +0 robe
 g - a +0 pair of boots (worn)
 n - a +0 robe
 p - a +0 ring mail
 v - a +0 ring mail
 w - a +0 scale mail (worn)
 y - a +0 leather armour
 z - a +0 ring mail
 E - a +0 leather armour
 K - a +0 leather armour
 M - a +0 leather armour
Jewellery
 j - a ring of flight (left hand)
 l - a +6 ring of intelligence (right hand)
Wands
 c - a wand of flame (10)
Scrolls
 r - 2 scrolls of blinking
 G - 2 scrolls of noise
Potions
 d - 6 potions of curing
 e - a potion of resistance
 q - a potion of brilliance {unknown}
 D - a potion of magic {unknown}
 V - a potion of heal wounds {unknown}


   Skills:
 + Level 5.1 Fighting
 + Level 6.2 Axes
 + Level 0.6 Throwing
 + Level 2.0 Armour
 + Level 3.5 Dodging
 + Level 2.0 Stealth


You had 5 spell levels left.
You didn't know any spells.
Your spell library contained the following spells:

 Spells                   Type           Power      Damage    Failure   Level
 Ozocubu's Armour         Ice            0%         N/A       94%         3
 Ozocubu's Refrigeration  Ice            0%         4d5       100%        7


Dungeon Overview and Level Annotations

Branches:
Dungeon (5/15)
 Temple: D:4-7

Altars:
The Shining One


Innate Abilities, Weirdness & Mutations

Your mind is acute. (Int +2)
Your flesh is heat resistant. (rF+)
Your magical capacity is very low. (-20% MP)


Message History

It was a potion of resistance.
You feel protected.
You feel very sick.
The water moccasin is no longer moving slowly.
The water moccasin bites you.
You are more poisoned.
The water moccasin poisons you!
It was a potion of mutation.
You feel extremely strange.
You feel clever.
You feel less energetic. x2; You feel resistant to heat.
You feel very sick.
The water moccasin bites you but does no damage.
The water moccasin barely misses you.
Unknown command.
Press: ? - help, v - describe, . - travel The floor, spattered with blood.
You don't know any spells.
Aiming: Smiting
Press: ? - help, Dir - move target, f - water moccasin Smite: a water moccasin (lightly wounded)
You smite the water moccasin!
The water moccasin is heavily wounded.
You feel very sick. The water moccasin closely misses you.
You barely miss the water moccasin.
The water moccasin is heavily wounded.
You feel very sick. The water moccasin barely misses you.
The water moccasin bites you.
* * * LOW HITPOINT WARNING * * *
Blink to where?
Press: ? - help, Dir - move target, p - water moccasin
Okay, then.
The iguana attacks as you move away! The iguana bites you.
* * * LOW HITPOINT WARNING * * *
You feel sick.
As you read the scroll of teleportation, it crumbles to dust.
You feel strangely unstable.
You feel sick.
The water moccasin bites you but does no damage.
The iguana closely misses you. The water moccasin bites you!
* * * LOW HITPOINT WARNING * * *
You die...

.......## .##
.......... ..#
.........###..#
.............#
.........#...#
#.......<..##
#...............
#.........######
#..@.........
#.............
#.lS...#..####
#.........#.##
#.........###
#.......#.#
#.......#.#
#.......#.#
#.......#.#


You could see a water moccasin and an iguana.

Vanquished Creatures
  A phantom (D:4)
  A scorpion (D:4)
  A crimson imp (D:4)
  6 gnolls (D:4)
  3 adders
  A shadow imp (D:4)
  4 dart slugs
  2 orcs
  8 ball pythons
  4 endoplasms
  A giant cockroach (D:4)
  2 goblins
  5 hobgoblins
  3 jackals (D:2)
  8 kobolds
  2 quokkas (D:1)
  2 bats (D:2)
  2 frilled lizards
  A hobgoblin zombie (D:4)
  A kobold zombie (D:4)
  An orc skeleton (D:4)
  4 rats
63 creatures vanquished.

Vanquished Creatures (collateral kills)
  An orc (D:4)
  A ball python (D:4)
  A goblin skeleton (D:4)
  2 goblin zombies (D:4)
  3 hobgoblin zombies (D:4)
  A kobold skeleton (D:4)
  An orc skeleton (D:4)
  2 orc zombies (D:4)
12 creatures vanquished.

Grand Total: 75 creatures vanquished

Notes
Turn   | Place    | Note
-------+----------+-------------------------------------------
     0 | D:1      | NinjaNoafa the Hill Orc Monk began the quest for the Orb.
     0 | D:1      | Reached XP level 1. HP: 19/19 MP: 1/1
    80 | D:1      | Reached XP level 2. HP: 9/27 MP: 2/2
   672 | D:2      | Reached XP level 3. HP: 15/33 MP: 3/3
  1928 | D:3      | Reached XP level 4. HP: 28/40 MP: 4/4
  2073 | D:3      | Became a worshipper of Beogh the Brigand
  2073 | D:3      | Reached * piety under Beogh
  2073 | D:3      | Reached ** piety under Beogh
  2433 | D:3      | You are sucked into a shaft and drop 1 floor!
  2510 | D:4      | Noticed a phantom
  2530 | D:4      | Killed a phantom
  2531 | D:4      | Reached skill level 5 in Axes
  2531 | D:4      | Reached skill level 1 in Armour
  2531 | D:4      | Reached XP level 5. HP: 16/47 MP: 5/5
  2854 | D:4      | Found a glowing golden altar of the Shining One.
  2864 | D:4      | Identified a scroll of acquirement
  2864 | D:4      | Acquired a +2 broad axe of freezing
  2907 | D:4      | Reached skill level 6 in Axes
  2907 | D:4      | Reached XP level 6. HP: 22/55 MP: 6/6
  2975 | D:4      | Reached skill level 5 in Fighting
  3721 | D:2      | You are sucked into a shaft and drop 2 floors!
  3986 | D:5      | Entered Level 5 of the Dungeon
  3994 | D:5      | Noticed a water moccasin
  4001 | D:5      | Gained mutation: Your mind is acute. (Int +2) [potion of
                  | mutation]
  4001 | D:5      | Gained mutation: Your magical capacity is low. (-10% MP)
                  | [potion of mutation]
  4001 | D:5      | Gained mutation: Your magical capacity is very low. (-20%
                  | MP) [potion of mutation]
  4001 | D:5      | Gained mutation: Your flesh is heat resistant. (rF+)
                  | [potion of mutation]
  4005 | D:5      | HP: 2/56 [water moccasin (8)]
  4006 | D:5      | Succumbed to a water moccasin's poison

Illustrated notes

Levels and vault maps discovered:
D:1:      minmay_arrival_four_loops, layout_rooms
D:2:      layout_loops_corners, kennysheep_small_spiral
D:3:      layout_basic
D:4:      layout_basic, nemelex_dance_club_becter, nicolae_tso_besieged_by_evil,
          serial_co_window_serial, co_window_corner_a, co_window_corner_a,
          co_window_paths_a, co_window_paths_a, co_window_paths_a,
          co_window_of_opportunity_a, co_window_paths_a,
          co_window_of_opportunity_b, co_window_corner_b,
          co_window_of_opportunity_b, glass_columns_c, glass_columns_b,
          glass_columns_c, glass_columns_b
D:5:      layout_basic, nicolae_overflow_hallway_of_the_gods,
          gammafunk_ghost_cemetery, serial_shops, shop

Skill      XL: |  1  2  3  4  5  6 |
---------------+-------------------+-----
Fighting       | 4 5 |  5.1
Axes           | 5 6 |  6.2
Armour         | 1 2 |  2.0
Dodging        | 3 |  3.5
Stealth        | 2 |  2.0
Throwing       | |  0.6

Action                   |  1- 3 |  4- 6 || total
-------------------------+-------+-------++-------
Melee: Hand axe          |    95 |    46 ||   141
       Punch             |     1 |     1 ||     2
       Broad axe         |       |    34 ||    34
Throw: Stone             |    14 |       ||    14
Invok: Convert to Beogh  |       |     1 ||     1
       Smiting           |       |     1 ||     1
Evoke: Wand              |       |     2 ||     2
  Use: Scroll            |     3 |     8 ||    11
       Potion            |     2 |     4 ||     6
 Stab: Sleeping          |     1 |       ||     1
Armor: Robe              |    18 |       ||    18
       Ring mail         |    10 |       ||    10
       Scale mail        |       |    60 ||    60
Dodge: Dodged            |    88 |    72 ||   160

Table legend: (Time is in decaauts)
 A = Elapsed time spent in this place.
 B = Non-inter-level travel time spent in this place.
 C = Inter-level travel time spent in this place.
 D = Time resting spent in this place.
 E = Time spent auto-exploring this place.
 F = Levels seen in this place.
 G = Mean time per level.
                   A        B        C        D        E       F      G
               +--------+--------+--------+--------+--------+-----+--------+
         Total |   4024 |   4024 |      0 |   1142 |      0 |   5 |  804.8 |
       Dungeon |   4024 |   4024 |      0 |   1142 |      0 |   5 |  804.8 |
               +--------+--------+--------+--------+--------+-----+--------+

Top non-repeatable levels by time:
     D:2: 1425 daAuts
     D:1: 1011 daAuts
     D:4: 896 daAuts
     D:3: 671 daAuts
     D:5: 20 daAuts
